General information
- name: BNet
- type: Ladder team game (AT/RT)
- host: Battle.net
- saver: HeuFuge
map: Deadlock
- players: 8
- length: 44:54
- speed: Fast
- version: 1.26 W3XP
- replay type: Public
» download(208 KB)
Players
team 1 (loser)

»
golf4life (
green | 55 APM | 1683 actions | 30:28)
6 Priestess of the Moon
3 Trueshot Aura
2 Searing Arrows
1 Starfall
2 Demon Hunter
1 Mana Burn
1 Evasion
» actions
| Assign group hotkey | 53 | |
| Build / train | 113 | |
| Enter build submenu | 21 | |
| Enter hero's abilities submenu | 8 | |
| Remove unit from queue | 10 | |
| Right click | 605 | |
| Select / deselect | 330 | |
| Select group hotkey | 494 | |
| Use ability | 47 | |
1683 total
» units
| Wisp | 34 | |
| Archer | 25 | |
| Hippogryph | 6 | |
| Chimaera | 11 | |
76 total
» upgrades
| Improved Bows | 1 | |
| Hippogryph Taming | 1 | |
| Moon Armor | 3 | |
| Strength of the Moon | 3 | |
| Marksmanship | 1 | |
| Corrosive Breath | 1 | |
| Reinforced Hides | 2 | |
| Strength of the Wild | 3 | |
15 total
» buildings
| Altar of Elders | 1 | |
| Moon Well | 8 | |
| Ancient of War | 1 | |
| Tree of Ages | 1 | |
| Hunter's Hall | 1 | |
| Tree of Life | 3 | |
| Ancient Protector | 7 | |
| Ancient of Wind | 2 | |
| Tree of Eternity | 1 | |
| Chimaera Roost | 2 | |
27 total
» build order
00:09 Altar of Elders
00:14 Moon Well
00:27 Ancient of War
01:24 Moon Well
02:20 Moon Well
03:42 Tree of Ages
04:34 Hunter's Hall
05:37 Tree of Life
05:45 Ancient Protector
05:51 Ancient Protector
06:53 Ancient of Wind
06:55 Ancient of Wind
07:11 Moon Well
07:12 Moon Well
12:27 Ancient Protector
12:40 Ancient Protector
12:54 Ancient Protector
14:18 Tree of Eternity
14:25 Ancient Protector
14:26 Ancient Protector
16:09 Moon Well
16:09 Moon Well
18:23 Chimaera Roost
18:24 Chimaera Roost
22:41 Tree of Life
23:27 Tree of Life
HeuFuge (
red | 36 APM | 1633 actions | 44:54)
7 Archmage
3 Summon Water Elemental
3 Brilliance Aura
1 Mass Teleport
» actions
| Assign group hotkey | 48 | |
| Basic commands | 250 | |
| Build / train | 73 | |
| Enter build submenu | 38 | |
| Enter hero's abilities submenu | 7 | |
| Give item / drop item | 10 | |
| Right click | 559 | |
| Select / deselect | 346 | |
| Select group hotkey | 177 | |
| Use ability | 124 | |
1633 total
» units
| Peasant | 17 | |
| Footman | 8 | |
| Gryphon Rider | 8 | |
33 total
» upgrades
| Lumber Harvesting | 2 | |
| Masonry | 3 | |
| Storm Hammers | 1 | |
| Gunpowder | 1 | |
| Swords | 3 | |
| Armor | 3 | |
| Animal War Training | 1 | |
14 total
» buildings
| Altar of Kings | 1 | |
| Barracks | 1 | |
| Farm | 10 | |
| Arcane Vault | 2 | |
| Keep | 1 | |
| Town Hall | 7 | |
| Scout Tower | 10 | |
| Lumber Mill | 2 | |
| Castle | 1 | |
| Guard Tower | 3 | |
| Gryphon Aviary | 4 | |
| Blacksmith | 2 | |
44 total
» build order
00:41 Altar of Kings
00:42 Barracks
00:51 Farm
01:04 Farm
01:06 Farm
01:48 Arcane Vault
01:51 Arcane Vault
01:57 Farm
03:55 Keep
04:21 Town Hall
04:27 Scout Tower
04:27 Scout Tower
04:28 Scout Tower
05:21 Lumber Mill
05:50 Scout Tower
05:53 Scout Tower
05:56 Scout Tower
07:08 Castle
07:10 Guard Tower
07:12 Guard Tower
08:13 Scout Tower
08:16 Scout Tower
08:16 Scout Tower
08:18 Scout Tower
08:22 Gryphon Aviary
08:25 Gryphon Aviary
09:34 Blacksmith
09:36 Blacksmith
10:13 Farm
10:16 Farm
12:52 Guard Tower
16:07 Town Hall
16:26 Farm
16:27 Farm
16:28 Farm
16:28 Farm
20:17 Town Hall
21:33 Gryphon Aviary
21:38 Lumber Mill
21:46 Gryphon Aviary
28:28 Town Hall
31:19 Town Hall
32:55 Town Hall
36:33 Town Hall
» items
| Scroll of Regeneration | 6 | |
| Periapt of Vitality | 3 | |
| Potion of Healing | 1 | |
| Scroll of Town Portal | 2 | |
| Staff of Teleportation | 1 | |
13 total

»
I-Pity-The-Fool (
blue | 14 APM | 615 actions | 44:54)
3 Archmage
2 Summon Water Elemental
1 Brilliance Aura
» actions
| Assign group hotkey | 13 | |
| Basic commands | 31 | |
| Build / train | 69 | |
| Enter build submenu | 16 | |
| Enter hero's abilities submenu | 3 | |
| Right click | 173 | |
| Select / deselect | 244 | |
| Select group hotkey | 25 | |
| Use ability | 41 | |
615 total
» units
| Peasant | 22 | |
| Footman | 7 | |
| Priest | 4 | |
| Rifleman | 1 | |
| Mortar Team | 2 | |
| Siege Engine | 3 | |
| Knight | 2 | |
| Sorceress | 1 | |
| Flying Machine | 1 | |
43 total
» upgrades
| Masonry | 3 | |
| Defend | 1 | |
| Priest Training | 2 | |
| Magic Sentry | 1 | |
| Plating | 2 | |
| Barrage | 1 | |
| Lumber Harvesting | 1 | |
| Fragmentation Shards | 1 | |
| Swords | 1 | |
| Gunpowder | 1 | |
| Animal War Training | 1 | |
15 total
» buildings
| Lumber Mill | 1 | |
| Altar of Kings | 1 | |
| Farm | 7 | |
| Scout Tower | 3 | |
| Barracks | 1 | |
| Arcane Tower | 2 | |
| Keep | 1 | |
| Blacksmith | 1 | |
| Guard Tower | 1 | |
| Arcane Sanctum | 1 | |
| Castle | 1 | |
| Workshop | 1 | |
21 total
» build order
00:53 Lumber Mill
00:57 Altar of Kings
01:13 Farm
01:20 Scout Tower
01:46 Barracks
02:09 Farm
02:20 Arcane Tower
03:08 Farm
03:39 Keep
03:51 Blacksmith
05:09 Scout Tower
06:12 Farm
06:15 Guard Tower
07:04 Farm
07:10 Farm
07:43 Arcane Sanctum
07:47 Castle
07:54 Workshop
19:55 Farm
21:03 Scout Tower
21:44 Arcane Tower
» items
| Periapt of Vitality | 1 | |
| Boots of Speed | 1 | |
2 total

»
SorryiCreamed (
pink | 27 APM | 1232 actions | 44:54)
5 Blademaster
2 Wind Walk
2 Mirror Image
1 Critical Strike
» actions
| Basic commands | 2 | |
| Build / train | 72 | |
| Enter build submenu | 30 | |
| Enter hero's abilities submenu | 5 | |
| Right click | 561 | |
| Select / deselect | 477 | |
| Use ability | 84 | |
1232 total
» units
» upgrades
| Spiked Barricades | 3 | |
| Melee Weapons | 2 | |
| Armor | 2 | |
| Reinforced Defenses | 1 | |
| Pillage | 1 | |
| Shaman Training | 2 | |
| Ultravision | 1 | |
12 total
» buildings
| Altar of Storms | 1 | |
| Barracks | 1 | |
| Orc Burrow | 7 | |
| War Mill | 1 | |
| Watch Tower | 7 | |
| Voodoo Lounge | 1 | |
| Stronghold | 1 | |
| Great Hall | 2 | |
| Spirit Lodge | 1 | |
| Fortress | 1 | |
23 total
» build order
00:09 Altar of Storms
00:12 Barracks
00:16 Orc Burrow
02:15 War Mill
03:17 Orc Burrow
04:31 Orc Burrow
05:25 Watch Tower
05:46 Orc Burrow
06:26 Voodoo Lounge
06:39 Watch Tower
07:15 Watch Tower
07:56 Stronghold
08:00 Orc Burrow
09:13 Watch Tower
09:17 Orc Burrow
10:45 Watch Tower
10:51 Orc Burrow
11:48 Great Hall
12:04 Spirit Lodge
12:08 Fortress
12:55 Great Hall
31:34 Watch Tower
31:40 Watch Tower
» items
| Scroll of Speed | 3 | |
| Healing Salve | 2 | |
| Lesser Clarity Potion | 2 | |
| Scroll of Town Portal | 1 | |
| Orb of Lightning | 1 | |
| Orb of Fire | 1 | |
10 total
team 2 (winner)
daNNers (
orange | 110 APM | 1545 actions | 14:06)
4 Death Knight
2 Death Coil
2 Unholy Aura
2 Dreadlord
1 Sleep
1 Vampiric Aura
» actions
| Assign group hotkey | 11 | |
| Basic commands | 156 | |
| Build / train | 43 | |
| Enter build submenu | 13 | |
| Enter hero's abilities submenu | 9 | |
| Right click | 853 | |
| Select / deselect | 207 | |
| Select group hotkey | 226 | |
| Use ability | 27 | |
1545 total
» units
» upgrades
| Unholy Strength | 2 | |
| Ghoul Frenzy | 1 | |
| Unholy Armor | 1 | |
| Creature Attack | 1 | |
| Creature Carapace | 1 | |
6 total
» buildings
| Crypt | 2 | |
| Ziggurat | 4 | |
| Altar of Darkness | 1 | |
| Tomb of Relics | 1 | |
| Halls of the Dead | 1 | |
| Nerubian Tower | 1 | |
| Graveyard | 1 | |
| Black Citadel | 1 | |
| Sacrificial Pit | 1 | |
| Spirit Tower | 1 | |
14 total
» build order
00:06 Crypt
00:08 Ziggurat
00:32 Altar of Darkness
00:57 Tomb of Relics
01:17 Ziggurat
02:43 Halls of the Dead
03:25 Nerubian Tower
03:39 Ziggurat
03:49 Graveyard
04:42 Crypt
05:02 Ziggurat
06:00 Black Citadel
10:08 Sacrificial Pit
12:12 Spirit Tower
» items
| Boots of Speed | 1 | |
| Potion of Healing | 2 | |
3 total
Sam_Handwich (
yellow | 33 APM | 65 actions | 01:57)
» actions
| Assign group hotkey | 2 | |
| Build / train | 4 | |
| Enter build submenu | 7 | |
| Right click | 30 | |
| Select / deselect | 16 | |
| Use ability | 6 | |
65 total
» units
» buildings
| Crypt | 1 | |
| Graveyard | 1 | |
| Ziggurat | 2 | |
| Altar of Darkness | 2 | |
6 total
» build order
00:06 Crypt
00:13 Graveyard
00:42 Ziggurat
01:00 Altar of Darkness
01:02 Altar of Darkness
01:40 Ziggurat
PredatorAndPrey (
purple | 80 APM | 3594 actions | 44:54)
7 Pit Lord
3 Rain of Fire
3 Howl of Terror
1 Doom
1 Crypt Lord
1 Carrion Beetles
» actions
| Assign group hotkey | 68 | |
| Basic commands | 160 | |
| Build / train | 295 | |
| ESC pressed | 7 | |
| Enter build submenu | 112 | |
| Enter hero's abilities submenu | 8 | |
| Give item / drop item | 13 | |
| Right click | 1046 | |
| Select / deselect | 597 | |
| Select group hotkey | 984 | |
| Use ability | 304 | |
3594 total
» units
| Peasant | 25 | |
| Footman | 15 | |
| Acolyte | 12 | |
| Sorceress | 1 | |
| Gryphon Rider | 2 | |
| Dragonhawk Rider | 1 | |
| Flying Machine | 1 | |
57 total
» upgrades
| Masonry | 3 | |
| Lumber Harvesting | 2 | |
| Sorceress Training | 2 | |
| Magic Sentry | 1 | |
| Swords | 3 | |
| Priest Training | 2 | |
| Control Magic | 1 | |
| Storm Hammers | 1 | |
| Animal War Training | 1 | |
| Armor | 3 | |
| Cloud | 1 | |
| Gunpowder | 3 | |
| Plating | 3 | |
| Flak Cannons | 1 | |
| Flying Machine Bombs | 1 | |
| Barrage | 1 | |
| Fragmentation Shards | 1 | |
| Flare | 1 | |
| Backpack | 1 | |
| Long Rifles | 1 | |
| Defend | 1 | |
34 total
» buildings
| Altar of Kings | 1 | |
| Barracks | 1 | |
| Farm | 10 | |
| Scout Tower | 66 | |
| Lumber Mill | 1 | |
| Arcane Tower | 22 | |
| Arcane Vault | 1 | |
| Guard Tower | 94 | |
| Spirit Tower | 8 | |
| Town Hall | 6 | |
| Keep | 3 | |
| Halls of the Dead | 4 | |
| Ziggurat | 13 | |
| Arcane Sanctum | 2 | |
| Castle | 3 | |
| Gryphon Aviary | 5 | |
| Blacksmith | 1 | |
| Workshop | 4 | |
| Cannon Tower | 1 | |
246 total
» build order
00:11 Altar of Kings
00:13 Barracks
00:23 Farm
01:00 Farm
01:41 Farm
02:05 Scout Tower
02:10 Lumber Mill
02:38 Arcane Tower
02:38 Arcane Tower
02:39 Arcane Tower
03:18 Farm
03:19 Farm
03:57 Scout Tower
04:00 Scout Tower
04:09 Arcane Vault
04:13 Arcane Tower
04:13 Arcane Tower
04:20 Guard Tower
04:20 Guard Tower
04:53 Spirit Tower
05:14 Town Hall
05:52 Scout Tower
06:27 Arcane Tower
06:27 Arcane Tower
06:57 Keep
06:57 Keep
07:19 Halls of the Dead
07:19 Halls of the Dead
07:19 Halls of the Dead
07:21 Ziggurat
07:22 Ziggurat
07:24 Ziggurat
07:39 Scout Tower
07:40 Scout Tower
07:41 Scout Tower
07:47 Scout Tower
07:48 Scout Tower
07:50 Scout Tower
07:51 Scout Tower
07:52 Scout Tower
07:58 Scout Tower
07:59 Scout Tower
08:21 Guard Tower
08:21 Guard Tower
08:22 Guard Tower
08:27 Guard Tower
08:31 Guard Tower
08:31 Guard Tower
08:32 Guard Tower
08:42 Guard Tower
08:55 Guard Tower
08:55 Guard Tower
08:56 Guard Tower
08:56 Guard Tower
09:21 Arcane Sanctum
09:23 Arcane Sanctum
10:15 Castle
10:15 Castle
11:44 Gryphon Aviary
11:46 Gryphon Aviary
11:48 Gryphon Aviary
11:51 Gryphon Aviary
11:52 Gryphon Aviary
13:13 Farm
13:52 Scout Tower
13:52 Scout Tower
13:53 Scout Tower
13:54 Scout Tower
13:55 Scout Tower
14:02 Scout Tower
14:05 Scout Tower
14:06 Scout Tower
14:08 Scout Tower
14:11 Scout Tower
14:25 Guard Tower
14:25 Guard Tower
14:26 Guard Tower
14:29 Arcane Tower
14:29 Arcane Tower
14:30 Arcane Tower
14:45 Scout Tower
14:47 Scout Tower
14:52 Guard Tower
14:52 Guard Tower
15:06 Guard Tower
15:06 Guard Tower
15:10 Guard Tower
15:10 Guard Tower
15:11 Guard Tower
15:12 Spirit Tower
15:13 Spirit Tower
15:15 Ziggurat
15:16 Ziggurat
15:18 Ziggurat
15:19 Ziggurat
15:20 Ziggurat
15:21 Ziggurat
15:22 Ziggurat
15:30 Guard Tower
15:30 Guard Tower
15:31 Guard Tower
16:18 Blacksmith
16:50 Town Hall
17:57 Guard Tower
17:59 Scout Tower
18:04 Scout Tower
18:05 Scout Tower
18:06 Scout Tower
18:07 Scout Tower
18:18 Spirit Tower
18:18 Spirit Tower
18:25 Ziggurat
19:25 Scout Tower
19:26 Scout Tower
19:28 Farm
19:30 Scout Tower
19:32 Scout Tower
19:34 Scout Tower
19:53 Scout Tower
19:57 Scout Tower
20:02 Guard Tower
20:02 Guard Tower
20:16 Guard Tower
20:37 Guard Tower
20:46 Guard Tower
20:46 Guard Tower
20:50 Guard Tower
20:50 Guard Tower
21:03 Guard Tower
21:10 Scout Tower
21:11 Scout Tower
21:12 Scout Tower
21:14 Scout Tower
21:16 Scout Tower
21:21 Scout Tower
21:25 Guard Tower
21:27 Spirit Tower
21:28 Spirit Tower
21:43 Guard Tower
21:43 Guard Tower
21:44 Guard Tower
21:45 Guard Tower
21:45 Guard Tower
21:47 Guard Tower
21:48 Guard Tower
21:56 Guard Tower
21:57 Guard Tower
22:15 Guard Tower
22:15 Guard Tower
24:48 Farm
24:50 Farm
24:51 Farm
25:32 Scout Tower
25:34 Scout Tower
26:03 Guard Tower
26:03 Guard Tower
26:03 Guard Tower
26:04 Guard Tower
26:32 Scout Tower
26:33 Scout Tower
26:34 Scout Tower
26:35 Scout Tower
26:36 Scout Tower
26:38 Scout Tower
26:42 Scout Tower
26:43 Scout Tower
26:57 Workshop
27:01 Workshop
27:02 Workshop
27:03 Workshop
27:10 Guard Tower
27:10 Guard Tower
27:10 Guard Tower
27:12 Guard Tower
27:12 Guard Tower
27:12 Guard Tower
27:13 Guard Tower
27:13 Guard Tower
27:13 Guard Tower
27:32 Guard Tower
31:15 Scout Tower
31:16 Scout Tower
31:20 Town Hall
31:22 Scout Tower
31:23 Scout Tower
31:24 Scout Tower
31:26 Scout Tower
31:28 Scout Tower
31:30 Scout Tower
31:32 Scout Tower
31:37 Scout Tower
31:58 Guard Tower
31:59 Guard Tower
31:59 Guard Tower
32:25 Guard Tower
32:25 Guard Tower
32:26 Arcane Tower
32:26 Arcane Tower
32:27 Arcane Tower
33:00 Scout Tower
33:03 Scout Tower
34:26 Town Hall
35:21 Town Hall
35:29 Arcane Tower
35:29 Arcane Tower
36:27 Town Hall
38:48 Cannon Tower
» items
| Boots of Speed | 1 | |
| Staff of Teleportation | 1 | |
| Scroll of Regeneration | 9 | |
| Periapt of Vitality | 1 | |
| Potion of Invisibility | 2 | |
| Circlet of Nobility | 1 | |
| Lesser Clarity Potion | 10 | |
| Potion of Mana | 5 | |
| Potion of Healing | 1 | |
| Scroll of Town Portal | 2 | |
| Orb of Fire | 1 | |
34 total
Mr.Joker (
teal | 10 APM | 437 actions | 44:54)
2 Far Seer
1 Feral Spirit
1 Chain Lighting
» actions
| Basic commands | 21 | |
| Build / train | 76 | |
| Enter build submenu | 25 | |
| Enter hero's abilities submenu | 2 | |
| Right click | 88 | |
| Select / deselect | 191 | |
| Use ability | 34 | |
437 total
» units
| Peon | 19 | |
| Troll Headhunter/Berserker | 19 | |
| Crypt Fiend | 14 | |
| Troll Witch Doctor | 1 | |
| Shaman | 3 | |
| Acolyte | 3 | |
59 total
» upgrades
| Armor | 2 | |
| Troll Regeneration | 1 | |
| Shaman Training | 2 | |
| Ranged Weapons | 3 | |
| Berserker Upgrade | 1 | |
| Unholy Strength | 1 | |
| Creature Carapace | 1 | |
11 total
» buildings
| Orc Burrow | 13 | |
| Altar of Storms | 1 | |
| Barracks | 2 | |
| War Mill | 1 | |
| Stronghold | 1 | |
| Spirit Lodge | 1 | |
| Fortress | 1 | |
| Great Hall | 2 | |
| Beastiary | 2 | |
24 total
» build order
00:29 Orc Burrow
00:42 Altar of Storms
00:57 Barracks
01:28 War Mill
02:03 Orc Burrow
03:07 Orc Burrow
04:03 Stronghold
04:17 Barracks
04:43 Orc Burrow
05:45 Orc Burrow
06:49 Spirit Lodge
06:52 Fortress
09:33 Great Hall
11:12 Great Hall
13:43 Orc Burrow
14:41 Beastiary
15:44 Beastiary
16:02 Orc Burrow
16:06 Orc Burrow
16:46 Orc Burrow
17:24 Orc Burrow
17:30 Orc Burrow
17:42 Orc Burrow
19:34 Orc Burrow
Chat log
(00:24 / All) HeuFuge: All is forgiven, pink
(00:30 / All) SorryiCreamed: ?
(00:35 / All) HeuFuge: It's okay
(00:38 / Allies) SorryiCreamed: what
(00:39 / All) daNNers: sorry you creamed
(00:39 / Allies) SorryiCreamed: why
(00:41 / All) daNNers: he forgives you
(00:43 / All) SorryiCreamed: ohh
(00:46 / All) SorryiCreamed: xD
(00:48 / All) Sam_Handwich: wow
(00:50 / All) SorryiCreamed: ;o)
(00:52 / All) daNNers: i forgive you as well
(01:13 / All) SorryiCreamed: you wont be later :-)
(01:13 / All) HeuFuge: we all do it from time to time
(01:34 / All) daNNers: nah, i just wont' be happy for other things. the creaming is still ok
(01:56 / All) SorryiCreamed: you are a good sir
(02:13 / All) HeuFuge: a ham sandwich walks into a bar and orders a drink
(02:23 / All) HeuFuge: the bartender says, "no, we don't serve food here"
(02:24 / All) daNNers: and then he creams
(02:33 / All) SorryiCreamed: happens to me all the time
(02:44 / All) SorryiCreamed: ;o(
(05:00 / All) PredatorAndPrey: mirror image? wtf
(06:13 / All) HeuFuge: I once had a friend, he was an indian giver
(06:18 / All) HeuFuge: his name was Jacob Campbell
(06:35 / All) PredatorAndPrey: You give him too much attention
(06:52 / All) I-Pity-The-Fool: is everyone on bnet hitting the crack pipe tonight
(06:57 / All) I-Pity-The-Fool: ???
(06:58 / All) PredatorAndPrey: Yes
(08:46 / Allies) HeuFuge: you got it dude
(08:51 / Allies) SorryiCreamed: pinkies coming
(09:00 / Allies) SorryiCreamed: haha cuming
(10:28 / Allies) HeuFuge: lumber
(10:52 / Allies) I-Pity-The-Fool: fuck all of you doghsit whores
(11:01 / Allies) I-Pity-The-Fool: i will never help one of you
(11:04 / Allies) I-Pity-The-Fool: die dogshit cunts
(11:06 / Allies) SorryiCreamed: but
(11:06 / Allies) I-Pity-The-Fool: die
(11:10 / Allies) SorryiCreamed: it was just a hero ...
(11:18 / Allies) I-Pity-The-Fool: die dogshit whores
(11:19 / Allies) I-Pity-The-Fool: die
(11:24 / Allies) SorryiCreamed: <3
(11:44 / Allies) HeuFuge: lumber
(11:51 / Allies) I-Pity-The-Fool: shit a 2x4
(12:30 / All) HeuFuge: why does air randomly stop
(12:33 / Allies) I-Pity-The-Fool: die dogshit
(12:56 / All) HeuFuge: why do air units randomly stop
(13:03 / All) HeuFuge: does that happen for anyone else?
(13:07 / Allies) SorryiCreamed: nope
(13:24 / All) PredatorAndPrey: Nay, not I
(13:31 / Allies) HeuFuge: let's hit oj green
(13:34 / All) PredatorAndPrey: cancel pink
(13:36 / All) PredatorAndPrey: cancel please
(13:41 / All) PredatorAndPrey: cancel your base
(13:50 / All) PredatorAndPrey: why didn't you cancel
(13:58 / All) SorryiCreamed: didnt know which one lol
(14:02 / Allies) I-Pity-The-Fool: cause he is dogshit
(14:08 / Allies) I-Pity-The-Fool: like all of you whores
(14:12 / All) PredatorAndPrey: lol
(14:39 / All) HeuFuge: lumber
(16:33 / Allies) HeuFuge: lumbers
(16:47 / Allies) SorryiCreamed: i really dont have any this time
(17:47 / All) HeuFuge: I'm playing one handed
(17:54 / All) HeuFuge: because I'm doing the thinking man pose
(17:58 / All) HeuFuge: get your minds out of the gutter
(18:01 / Allies) I-Pity-The-Fool: so quit jacking off
(18:24 / Allies) SorryiCreamed: im playing like shit .-.
(18:54 / All) PredatorAndPrey: He doesn't even know how to rally peons
(19:42 / All) Mr.Joker: nope
(19:48 / All) Mr.Joker: havent played in 2 years
(19:49 / All) Mr.Joker: =D
(19:50 / All) HeuFuge: teal we cool?
(20:03 / All) Mr.Joker: <3
(20:18 / Allies) HeuFuge: lumber
(20:27 / Allies) SorryiCreamed: hey red
(20:30 / Allies) SorryiCreamed: wanna share some gold
(20:33 / Allies) HeuFuge: lumber me
(20:41 / Allies) SorryiCreamed: i have been lol
(21:17 / Allies) SorryiCreamed: -.-
(21:51 / Allies) HeuFuge: lumberse needed
(22:13 / Allies) HeuFuge: lumbers needed
(22:24 / Allies) HeuFuge: lumbers needed
(22:26 / All) PredatorAndPrey: Grats you figured out how to move units pink!
(22:31 / Allies) HeuFuge: lumbers needed
(22:36 / Allies) HeuFuge: lumbers needed
(22:40 / All) SorryiCreamed: i really dont like playing as orc
(22:43 / Allies) I-Pity-The-Fool: red fuck you
(22:44 / All) SorryiCreamed: now u see why
(22:48 / All) HeuFuge: lumbers needed
(22:48 / Allies) I-Pity-The-Fool: eat sawdust
(22:53 / All) PredatorAndPrey: I do this against every race with great success
(22:55 / Allies) I-Pity-The-Fool: then shit a 2x4
(22:56 / Allies) HeuFuge: Fuck me? fuck you!
(23:04 / Allies) I-Pity-The-Fool: you did ace
(23:25 / All) HeuFuge: watch your tone with me nigger
(23:52 / Allies) I-Pity-The-Fool: you fucked me by being on my team whore
(24:28 / Allies) I-Pity-The-Fool: rofl
(24:37 / Allies) I-Pity-The-Fool: silly ass doghsit
(24:56 / Allies) I-Pity-The-Fool: im afk
(25:10 / Allies) I-Pity-The-Fool: rofl and still get a win
(25:16 / Allies) HeuFuge: think so?
(26:19 / Allies) golf4life: wtf red
(26:21 / All) SorryiCreamed: red has 16k
(26:26 / All) SorryiCreamed: >.>
(26:30 / All) SorryiCreamed: nigger wont share
(26:31 / All) PredatorAndPrey: I only got 12k
(26:37 / All) SorryiCreamed: i have 265 gold
(26:57 / Allies) golf4life: why red
(27:04 / All) HeuFuge: what are you blubbering about you pussy
(28:41 / Allies) golf4life: thks red
(28:47 / All) HeuFuge: Anytime
(28:55 / Allies) golf4life: are you stupide
(29:04 / All) PredatorAndPrey: I don't even need dhawks
(29:05 / All) HeuFuge: You are, you can't even spell the word
(29:10 / All) PredatorAndPrey: Your team is retarded, so was mine
(29:18 / Allies) golf4life: why are you doing that
(29:34 / All) PredatorAndPrey: This is pathetic, it's beating up special ed students
(29:57 / Allies) I-Pity-The-Fool: red is just a silly ass psycho and want highest score
(30:00 / All) SorryiCreamed: fucking nigger
(30:01 / All) HeuFuge: wrong way
(30:05 / All) HeuFuge: moonwells are that'a way
(30:06 / Allies) I-Pity-The-Fool: so he kills us all
(31:58 / All) HeuFuge: God hates us all
(32:02 / All) SorryiCreamed: yano what
(32:07 / All) PredatorAndPrey: What?
(32:10 / All) SorryiCreamed: i should cream all over red
(32:16 / All) PredatorAndPrey: Too late
(32:17 / All) PredatorAndPrey: You have 0 food
(32:27 / All) SorryiCreamed: no ive had 0 food
(32:41 / All) HeuFuge: teal I wanna take your old base
(32:53 / All) SorryiCreamed: teal is still here
(32:59 / All) SorryiCreamed: ;o
(33:23 / All) PredatorAndPrey: Teal you here?
(33:25 / All) PredatorAndPrey: He has said nothing
(33:45 / All) HeuFuge: My peons swing their hammers fast as fuck
(33:50 / All) HeuFuge: they are doing work
(33:53 / All) SorryiCreamed: can u destroy my altar
(33:54 / All) HeuFuge: damn son
(33:56 / All) SorryiCreamed: >:o
(34:00 / All) PredatorAndPrey: No
(34:02 / All) SorryiCreamed: thank u
(34:04 / All) HeuFuge: Sure thing
(34:14 / All) SorryiCreamed: i dont need to see it
(34:19 / All) SorryiCreamed: >:o
(34:23 / All) SorryiCreamed: i have wood
(34:39 / All) SorryiCreamed: >.>
(34:50 / All) SorryiCreamed: blue would u love the wood ;o)
(35:03 / All) PredatorAndPrey: Teal you here?
(35:05 / All) PredatorAndPrey: He gave me gold and wood
(35:08 / All) PredatorAndPrey: Do you plan on staying sir?
(35:11 / All) Mr.Joker: =D
(35:20 / All) Mr.Joker: yea going to go smoke a cigg n get ready to hit a bar
(35:21 / All) Mr.Joker: lol
(35:22 / All) Mr.Joker: enjoy
(35:27 / All) PredatorAndPrey: Alright good
(35:51 / All) SorryiCreamed: dem moon wells
(36:11 / All) SorryiCreamed: red u missed
(36:15 / All) SorryiCreamed: a couple of mines
(38:28 / All) SorryiCreamed: >;o
(38:34 / All) SorryiCreamed: purple
(38:38 / All) SorryiCreamed: i forgot to mention
(38:43 / All) SorryiCreamed: of his 30k
(38:48 / All) SorryiCreamed: he gave me 7
(38:52 / All) SorryiCreamed: just 7 gold
(38:59 / All) PredatorAndPrey: Sounds similar to what I do to beggars
(39:03 / All) PredatorAndPrey: but I only give 3
(39:07 / All) PredatorAndPrey: He is far more generous than I
(39:08 / All) HeuFuge: I felt generous
(39:16 / All) HeuFuge: 'Tis the holidays afterall
(39:16 / All) SorryiCreamed: 10 would have been nice
(39:28 / All) HeuFuge: 7 is a lucky number sir
(39:36 / All) HeuFuge: May it bring you great fortune
(39:45 / All) HeuFuge: Why, I think it's working already
(39:49 / All) HeuFuge: Today truly is your lucky day
(40:06 / All) SorryiCreamed: but my
(40:10 / All) SorryiCreamed: computer is lagging
(40:15 / All) HeuFuge: Dear, dear
(42:39 / All) SorryiCreamed: use one tower
(42:41 / All) SorryiCreamed: yeah
(42:45 / All) SorryiCreamed: =- D
(43:00 / All) SorryiCreamed: one more hit >:o
(43:38 / All) PredatorAndPrey: Have you many towers?
(43:42 / All) HeuFuge: Thanks I'll put that wood to good use
(43:48 / All) HeuFuge: 7
(43:51 / All) HeuFuge: the lucky number
(43:53 / All) SorryiCreamed: thats generous
(43:55 / All) HeuFuge: at my first expansion
(43:59 / All) PredatorAndPrey: Good, that is enough